 Dungeon Crawl Stone Soup version 0.25-a0-505-gae4569222e (console) character file.

Game seed: 4415353757403520867, levelgen mode: deterministic

15553 surprisetrex the Arsonist (level 12, -14/94 HPs)
             Began as a Hill Orc Fire Elementalist on Feb 14, 2020.
             Was a High Priest of Okawaru.
             Demolished by a six-headed hydra (15 damage)
             ... on level 1 of the Lair of Beasts on Feb 15, 2020.
             The game lasted 02:16:12 (19546 turns).

surprisetrex the Arsonist (HOFE)                   Turns: 19546, Time: 02:16:13

Health: -14/94     AC:  6    Str: 15    XL:     12   Next: 28%
Magic:  2/14       EV: 10    Int: 19    God:    Okawaru [*****.]
Gold:   769        SH: 10    Dex: 16    Spells: 1/14 levels left

rFire    + . .     SeeInvis .   b - +8 hand axe {protect, rElec MR+}
rCold    . . .     Gourm    .   i - +0 kite shield
rNeg     . . .     Faith    +   B - +2 robe {rF+}
rPois    .         Spirit   .   T - +1 hat {MR+}
rElec    +         Reflect  .   (no cloak)
rCorr    .         Harm     .   L - +0 pair of gloves
MR       ++...                  (no boots)
Stlth    ++........             R - amulet of faith
HPRegen  0.25/turn              f - +3 ring of strength
MPRegen  0.14/turn              H - +5 ring of dexterity

@: very slightly contaminated
A: no striking features
a: Heroism, Finesse, Renounce Religion


You were on level 1 of the Lair of Beasts.
You worshipped Okawaru.
Okawaru was extremely pleased with you.
You were not hungry.

You visited 3 branches of the dungeon, and saw 14 of its levels.

You collected 769 gold pieces.

Inventory:

Hand Weapons
 a - a +2 hand crossbow of flaming
 b - the +8 hand axe of Linearity (weapon) {protect, rElec MR+}
   (You found it on level 9 of the Dungeon)

   It grants its wielder temporary protection when it strikes (+7 to AC).
   It insulates you from electricity.
   It affects your resistance to hostile enchantments.
 q - a +3 battleaxe of freezing
 y - a +0 vorpal battleaxe
 A - a +0 dagger of chaos
Missiles
 n - 2 atropa-tipped darts
 x - 61 poisoned darts (quivered)
 J - 70 bolts
Armour
 g - a +0 plate armour of poison resistance
 h - a +2 helmet
 i - a +0 kite shield (worn)
 k - a +2 plate armour of cold resistance
 B - a +2 robe of fire resistance (worn)
 K - the +3 chain mail "Nacejana" {Regen+ Int+6}
   (You found it on level 10 of the Dungeon)

   It affects your intelligence (+6).
   It increases your rate of regeneration.
   If you switch to wearing this armour, your AC will increase by 7 (6 -> 13).
 L - a +0 pair of gloves (worn)
 T - a +1 hat of magic resistance (worn)
Jewellery
 f - a +3 ring of strength (left hand)
 p - a +6 amulet of reflection
 H - a +5 ring of dexterity (right hand)
 R - an amulet of faith (around neck)
Wands
 d - a wand of random effects (15)
 N - a wand of paralysis (3)
 P - a wand of enslavement (9)
Scrolls
 e - 4 scrolls of immolation
 j - 3 scrolls of blinking
 l - 4 scrolls of teleportation
 m - a scroll of enchant armour
 o - 2 scrolls of enchant weapon {unknown}
 t - 6 scrolls of magic mapping
 v - 3 scrolls of fear {unknown}
 w - 2 scrolls of identify
 C - a scroll of fog {unknown}
 D - 2 scrolls of remove curse {unknown}
 E - a scroll of summoning {unknown}
Potions
 r - 3 potions of lignification
 s - 2 potions of berserk rage {unknown}
 u - 2 potions of haste
 z - a potion of resistance {unknown}
 F - a potion of might {unknown}
 G - a potion of agility {unknown}
 I - a potion of cancellation {unknown}
 M - 2 potions of degeneration {unknown}
 O - 2 potions of curing
 Q - a potion of brilliance {unknown}
Comestibles
 c - 23 rations
 S - 2 chunks of flesh


   Skills:
 - Level 5.0 Fighting
 - Level 12.1 Axes
 - Level 1.5 Dodging
 - Level 1.5 Stealth
 - Level 5.5 Shields
 - Level 1.5 Spellcasting
 + Level 10.6 Conjurations
 - Level 3.2 Hexes
 - Level 12.5 Fire Magic


You had one spell level left.
You knew the following spells:

 Your Spells              Type           Power        Failure   Level  Hunger
a - Foxfire               Conj/Fire      ####         1%          1    ##.....
b - Inner Flame           Hex/Fire       ####....     7%          3    ####...
c - Fireball              Conj/Fire      #####.....   14%         5    ######.
d - Sticky Flame          Conj/Fire      #####...     5%          4    #####..

Your spell library contained the following spells:

 Spells                   Type           Power        Failure   Level  Hunger
 Corona                   Hex            ##.....      16%         1    ##.....
 Animate Skeleton         Necr           N/A          52%         1    ##.....
 Apportation              Tloc           #.....       52%         1    ##.....
 Summon Small Mammal      Summ           #...         52%         1    ##.....
 Conjure Flame            Conj/Fire      #####...     1%          3    ####...


Dungeon Overview and Level Annotations

Branches:
Dungeon (12/15)            Temple (1/1) D:4            Lair (1/6) D:10
    Orc: D:9-12

Altars:
Ashenzari
Cheibriados
Dithmenos
Elyvilon
Fedhas
Gozag
Hepliaklqana
Kikubaaqudgha
Makhleb
Nemelex Xobeh
Okawaru
Qazlal
Ru
Sif Muna
Trog
Uskayaw
Vehumet
Wu Jian
Xom
Yredelemnul
Zin
The Shining One
Beogh

Shops:
D:5 [(:[*

Annotations:
D:5 1 runed translucent door, emiel's ghost, amateur KoHu
D:9 3 runed translucent doors, derval's ghost, novice DEIE
D:12 Kirke


Message History

* * * LOW HITPOINT WARNING * * *
You block the six-headed hydra's attack.
Casting: Sticky Flame (safe; 5% risk of failure)
Confirm with . or Enter, or press ? or * to list all spells.
Aiming: Sticky Flame (safe; 5% risk of failure)
Press: ? - help, Shift-Dir - straight line, f/p - six-headed hydra
Aim: a six-headed hydra (moderately wounded)
The sticky flame hits the six-headed hydra.
The six-headed hydra is heavily wounded.
The six-headed hydra is covered in liquid flames!
The six-headed hydra burns!
The six-headed hydra bites you!
* * * LOW HITPOINT WARNING * * *
The six-headed hydra bites you!!
* * * LOW HITPOINT WARNING * * *
The six-headed hydra barely misses you.
The six-headed hydra closely misses you.
The six-headed hydra bites you.
* * * LOW HITPOINT WARNING * * *
The six-headed hydra bites you!
You die...

##### ####P#.###
#........####(..
##.......'(.....
#.......##.(...
#........# ..(
#.......## .
#.P##D###
#####@# ## ##..#
#.. #..## .....
######'####.#...
#...........+...
#.........+.)...
#.........#..#
#...........P#
Y.
#.........#.+#
.Y..


You could see a six-headed hydra (burning).

Vanquished Creatures
  Erica (D:9)
  4 two-headed ogres
  Pikel (D:7)
  A manticore (D:12)
  Psyche (D:9)
  A troll (D:11)
  6 hippogriffs
  A wyvern (D:11)
  A human (D:7)
  A vampire (D:12)
  5 hogs
  9 yaks
  3 hungry ghosts
  2 porcupines (D:10)
  3 water moccasins
  3 orc warriors
  2 slaves (D:7)
  A hornet zombie (D:9)
  8 ogres
  An ice beast (D:10)
  4 centaurs
  2 black bears
  A necrophage (D:9)
  3 phantoms
  6 wolves (Lair:1)
  2 crocodiles
  4 big kobolds
  19 bullfrogs
  A water moccasin zombie (D:8)
  4 scorpions
  3 killer bees (D:11)
  5 wights
  4 crimson imps
  3 centaur zombies
  6 hounds
  A jelly (D:10)
  12 orc priests
  A centaur skeleton (D:10)
  A gnoll shaman (D:7)
  5 iguanas
  8 orc wizards
  5 bullfrog skeletons
  4 worker ants
  Robin (D:3)
  5 gnolls (D:7)
  15 adders
  5 shadow imps
  An adder skeleton (D:7)
  3 adder zombies
  A worm (D:2)
  4 dart slugs
  8 leopard geckos
  35 orcs
  4 bats (D:1)
  4 giant cockroaches
  8 goblins
  13 hobgoblins
  14 jackals
  3 quokkas (D:3)
  6 frilled lizards
  A giant cockroach zombie (D:5)
  21 kobolds
  2 leopard gecko skeletons
  A quokka zombie (D:6)
  3 rats
317 creatures vanquished.

Vanquished Creatures (others)
  A slave (D:7)
  An orc priest (D:4)
  4 orcs (D:4)
  A frilled lizard (D:4)
  2 kobolds
  369 foxfires
  30 fungi
  10 plants (D:10)
418 creatures vanquished.

Grand Total: 735 creatures vanquished

Notes
Turn   | Place    | Note
-------+----------+-------------------------------------------
     0 | D:1      | surprisetrex the Hill Orc Fire Elementalist began the quest
                  | for the Orb.
     0 | D:1      | Reached XP level 1. HP: 14/14 MP: 3/3
   375 | D:1      | Reached XP level 2. HP: 19/20 MP: 4/4
  1069 | D:2      | Found a glowing golden altar of the Shining One.
  1072 | D:2      | Found a sacrificial altar of Ru.
  1073 | D:2      | Found a shimmering altar of Xom.
  1139 | D:2      | Reached XP level 3. HP: 25/26 MP: 2/5
  1501 | D:2      | Found an iron altar of Okawaru.
  1567 | D:2      | Found a faded altar of an unknown god.
  1598 | D:2      | Reached skill level 5 in Fire Magic
  1639 | D:2      | Reached XP level 4. HP: 31/33 MP: 1/6
  2028 | D:2      | Found a shimmering blue altar of Sif Muna.
  2365 | D:3      | Found a burning altar of Makhleb.
  2438 | D:2      | Became a worshipper of Warmaster Okawaru
  2580 | D:3      | Reached XP level 5. HP: 38/38 MP: 7/7
  2584 | D:3      | Noticed Robin
  2601 | D:3      | Killed Robin
  3673 | D:4      | Found a staircase to the Ecumenical Temple.
  3753 | D:4      | Reached XP level 6. HP: 29/45 MP: 6/8
  3797 | D:4      | Learned a level 3 spell: Inner Flame
  4131 | D:4      | Found an opulent altar of Gozag.
  5011 | D:5      | Entered Level 5 of the Dungeon
  5053 | D:5      | Found Orixzeuz's Book Shop.
  5065 | D:5      | Found an ancient bone altar of Kikubaaqudgha.
  5075 | D:5      | Found a runed translucent door.
  5086 | D:5      | Reached XP level 7. HP: 45/50 MP: 9/9
  5093 | D:5      | Noticed emiel's ghost (amateur KoHu)
  5206 | D:5      | Reached * piety under Okawaru
  5302 | D:5      | Found Eteocene's Antique Weapon Emporium.
  5345 | D:5      | Found Qasarch's Antique Armour Emporium.
  5534 | D:5      | Reached skill level 1 in Fighting
  6030 | D:5      | Found Elic's Assorted Antiques.
  6055 | D:5      | Found a shattered altar of Ashenzari.
  6171 | D:5      | Found Ireafrav's Armour Boutique.
  6435 | Temple   | Entered the Ecumenical Temple
  6766 | D:6      | Found a shattered altar of Ashenzari.
  6825 | D:6      | Reached skill level 5 in Fighting
  6825 | D:6      | Reached XP level 8. HP: 68/68 MP: 5/10
  6873 | D:6      | Learned a level 5 spell: Fireball
  6986 | D:6      | Reached ** piety under Okawaru
  7023 | D:6      | Noticed a six-headed hydra
  7078 | D:6      | Found a hazy altar of Hepliaklqana.
  7368 | D:6      | Reached skill level 5 in Axes
  7547 | D:6      | Found a glowing silver altar of Zin.
  8203 | D:7      | Reached XP level 9. HP: 68/74 MP: 7/11
  8501 | D:7      | Reached *** piety under Okawaru
  8501 | D:7      | Reached skill level 10 in Axes
  8582 | D:7      | Identified the cursed +0 trident of Kyrutz {flame, Fragile
                  | MR+++ Str+4}
  9609 | D:7      | Noticed Pikel
  9616 | D:7      | Killed Pikel
  9616 | D:7      | Reached **** piety under Okawaru
  9616 | D:7      | Reached XP level 10. HP: 81/81 MP: 5/12
 10124 | D:8      | Reached skill level 5 in Conjurations
 10312 | D:8      | Found a shimmering altar of Xom.
 10312 | D:8      | Found a shimmering altar of Xom.
 10312 | D:8      | Found a shimmering altar of Xom.
 10312 | D:8      | Found a shimmering altar of Xom.
 10312 | D:8      | Found a shimmering altar of Xom.
 10312 | D:8      | Found a shimmering altar of Xom.
 10312 | D:8      | Found a shimmering altar of Xom.
 10312 | D:8      | Found a shimmering altar of Xom.
 10314 | D:8      | Found a shimmering altar of Xom.
 10314 | D:8      | Found a shimmering altar of Xom.
 10778 | D:8      | Noticed a two-headed ogre
 12870 | D:8      | Noticed a sea snake
 13114 | D:9      | Got a crude hand axe
 13123 | D:8      | Identified the +8 hand axe of Linearity {protect, rElec
                  | MR+} (You found it on level 9 of the Dungeon)
 13191 | D:9      | Found a shadowy altar of Dithmenos.
 13193 | D:9      | Noticed Psyche
 13208 | D:9      | Killed Psyche
 13252 | D:9      | Reached ***** piety under Okawaru
 13364 | D:9      | Reached skill level 1 in Shields
 13752 | D:9      | Found a runed translucent gate.
 13752 | D:9      | Found a runed translucent gate.
 13753 | D:9      | Found a runed translucent gate.
 13755 | D:9      | Noticed derval's ghost (novice DEIE)
 13759 | D:9      | Found a roughly hewn altar of Beogh.
 13838 | D:9      | Noticed Erica
 13862 | D:9      | Killed Erica
 13862 | D:9      | Reached skill level 5 in Shields
 13862 | D:9      | Reached XP level 11. HP: 19/86 MP: 10/13
 13945 | D:9      | Noticed a two-headed ogre
 14423 | D:9      | Found a basalt altar of Yredelemnul.
 14489 | D:9      | Killed a two-headed ogre
 14489 | D:9      | Received a gift from Okawaru
 14602 | D:10     | Entered Level 10 of the Dungeon
 14623 | D:10     | Got a crude chain mail
 14624 | D:10     | Identified the +3 chain mail "Nacejana" {Regen+ Int+6} (You
                  | found it on level 10 of the Dungeon)
 15228 | D:10     | Noticed a two-headed ogre
 15263 | D:10     | Killed a two-headed ogre
 15263 | D:10     | Reached skill level 10 in Fire Magic
 15483 | D:10     | Found a staircase to the Lair.
 15730 | D:10     | Reached skill level 10 in Conjurations
 16699 | D:11     | Learned a level 4 spell: Sticky Flame
 16945 | D:11     | Reached skill level 1 in Hexes
 17518 | D:12     | Noticed a two-headed ogre
 17824 | D:12     | Noticed Kirke
 17873 | D:12     | Noticed a two-headed ogre
 17884 | D:12     | Killed a two-headed ogre
 18347 | D:12     | Noticed a two-headed ogre
 18379 | D:12     | Killed a two-headed ogre
 18379 | D:12     | Received a gift from Okawaru
 18379 | D:12     | Reached XP level 12. HP: 53/94 MP: 9/14
 18717 | Lair:1   | Entered Level 1 of the Lair of Beasts
 19531 | Lair:1   | Noticed a four-headed hydra
 19546 | Lair:1   | HP: 1/94 [six-headed hydra (5)]
 19546 | Lair:1   | Demolished by a six-headed hydra

Levels and vault maps discovered:
D:1:      dpeg_arrival_radiant, layout_basic
D:2:      layout_basic, okawaru_gym_becter, led_sif_pool,
          grunt_temple_overflow_open, chequers_ecumenical_altar_simple_redux,
          minmay_pentomino_p2
D:3:      layout_basic, lightli_temple_of_fire, uniq_robin
D:4:      layout_loops_cross, nicolae_gozag_cash_rules_everything_around_me,
          minmay_temple_entry_slanted, gup_sewer_entry_glass,
          lemuel_flame_loot_1
D:5:      layout_cave_pods, kiku_gazebo_garden_becter,
          ashenzari_conservatory_becter, ebering_ghost_sewer_d, serial_shops,
          nicolae_shop_waterfront, shop, nicolae_shop_trees,
          nicolae_shop_crystal, nicolae_shop_trees, first_ration,
          minmay_misc_feat_diagonals
D:6:      layout_rooms, kennysheep_little_box, kennysheep_mini_moat,
          ashenzari_altar_1
D:7:      layout_loops_ring, grunt_livestock, uniq_pikel
D:8:      layout_basic, kennysheep_nub, xom_shifter_show
D:9:      layout_basic, nicolae_dithmenos_shadow_blocks, kennysheep_mini,
          biasface_ghost_orc_armoury, uniq_psyche, uniq_erica
D:10:     layout_stronghold, due_lair_maze_entry_diamond
D:11:     layout_basic
D:12:     minmay_angry_zag, layout_basic, orc_0_dummy, serial_shops, shop,
          minmay_orc_keep, uniq_kirke, uniq_maurice
Temple:   nicolae_temple_figure_zero
Lair:1:   layout_roguey, lemuel_oklob_altar, serial_bayou_shore_b,
          grunt_megastairs_3, uniq_joseph

Skill      XL: |  1  2  3  4  5  6  7  8  9 10 11 12 |
---------------+-------------------------------------+-----
Fire Magic     | 4 5 6 7 8 9 11 12 | 12.5
Fighting       | 5 |  5.0
Axes           | 8 12 | 12.1
Conjurations   | 4 9 10 | 10.6
Shields        | 5 |  5.5
Hexes          | 3 |  3.2
Dodging        | |  1.5
Stealth        | |  1.5
Spellcasting   | |  1.5

Action                   |  1- 3 |  4- 6 |  7- 9 | 10-12 || total
-------------------------+-------+-------+-------+-------++-------
Melee: Unarmed           |    17 |       |       |       ||    17
       Dagger            |     6 |    19 |       |       ||    25
       Hand axe          |       |    65 |   184 |   383 ||   632
       Falchion          |       |     1 |       |       ||     1
       War axe           |       |    46 |    92 |       ||   138
       Battleaxe         |       |       |       |    48 ||    48
       Hand crossbow     |       |       |       |     1 ||     1
 Fire: Hunting sling     |    31 |    73 |   183 |    68 ||   355
       Hand crossbow     |       |       |       |   168 ||   168
Throw: Dart              |       |       |       |     3 ||     3
 Cast: Foxfire           |    27 |    58 |    82 |    59 ||   226
       Inner Flame       |       |     1 |     4 |     3 ||     8
       Sticky Flame      |       |       |       |    19 ||    19
       Fireball          |       |       |       |     1 ||     1
Invok: Heroism           |       |       |       |     1 ||     1
Evoke: Wand              |       |       |       |     8 ||     8
  Use: Potion            |       |     2 |     1 |     2 ||     5
       Scroll            |       |       |     6 |     8 ||    14
 Stab: Sleeping          |       |     1 |       |     2 ||     3
  Eat: Ration            |     1 |       |     1 |     4 ||     6
       Chunk             |       |    12 |    13 |    28 ||    53
Armor: Robe              |     9 |    45 |    60 |   102 ||   216
Dodge: Dodged            |    38 |    99 |   153 |   158 ||   448
Block: Other             |       |    42 |    73 |    35 ||   150
       Reflection        |       |       |     1 |    10 ||    11
       Kite shield       |       |       |       |   218 ||   218

Table legend:
 A = Non-vault XP
 B = Vault XP
 C = Vault XP percentage of total XP
 D = Non-vault monster count
 E = Vault monster count
 F = Vault count percentage of total count
                 A         B        C        D         E       F
            +---------+---------+-------+---------+---------+-------
      Total |   18138 |    4081 |  18.4 |     285 |      31 |   9.8
            +---------+---------+-------+---------+---------+-------
        D:1 |      16 |       0 |   0.0 |       7 |       0 |   0.0
        D:2 |      84 |       4 |   4.5 |      23 |       2 |   8.0
        D:3 |     115 |      32 |  21.8 |      27 |      10 |  27.0
        D:4 |     328 |       0 |   0.0 |      26 |       0 |   0.0
        D:5 |     584 |       0 |   0.0 |      17 |       0 |   0.0
        D:6 |     647 |     200 |  23.6 |      24 |       1 |   4.0
        D:7 |    1528 |    1302 |  46.0 |      34 |       5 |  12.8
        D:8 |    2425 |       0 |   0.0 |      38 |       0 |   0.0
        D:9 |    2383 |    1341 |  36.0 |      15 |       2 |  11.8
       D:10 |    2788 |     841 |  23.2 |      17 |       7 |  29.2
       D:11 |    1808 |     192 |   9.6 |      27 |       1 |   3.6
       D:12 |    3163 |     169 |   5.1 |      15 |       3 |  16.7
     Lair:1 |    2269 |       0 |   0.0 |      15 |       0 |   0.0
            +---------+---------+-------+---------+---------+-------
